AoeStats
← jordanm708

Black Forest

509535304Analyzed
4v4 RM · 4d ago on Sep 27, 2026· 58m 57s· 8 players
Game mode
Random Map
Map size
Large (8 player)
Population
200
Speed
Normal
Resources
Standard
Victory
Conquest
Starting age
Dark Age
Ending age
Imperial Age
RankedLock teamsTeams togetherTeam positionsShared explorationLock speedFull tech treeHidden civsTurbo modeCheats
Victory
Defeat
🇺🇸 Huns · United States
631
+7
🇵🇪 Franks · Peru
580
+8
🇵🇪 Britons · Peru
555
+18
🇵🇪 Bulgarians · Peru
421
+13
🇺🇸 Franks · United States
413
-11
🇪🇸 Khmer · Spain
394
-9
🇺🇸 Franks · United States
370
-9
🇲🇽 Sicilians · Mexico
367
-8
Treblax
14:44 Feudal Age
16:05 Wheelbarrow
15:42 Double-Bit Axe
15:56 Gold Mining
18:16 Stone Mining
19:41 Town Watch
25:43 Castle Age
25:14 Man-at-Arms
29:49 Long Swordsman
30:15 Gambesons
29:59 Crossbowman
30:29 Arson
30:14 Ordonnance Companies
32:23 Forging
32:19 Scale Barding Armor
32:15 Scale Mail Armor
32:05 Fletching
32:16 Padded Archer Armor
32:49 Pikeman
33:30 Squires
35:04 Gold Shaft Mining
39:44 Imperial Age
41:03 Iron Casting
41:12 Chain Barding Armor
40:17 Two-Handed Swordsman
42:07 Elite Throwing Axeman
44:22 Hand Cart
46:11 Champion
50:24 Blast Furnace
49:20 Bodkin Arrow
49:40 Leather Archer Armor
54:30 Hoardings
55:13 Chain Mail Armor
55:33 Plate Barding Armor
54:33 Cavalier
55:18 Husbandry
55:47 Halberdier
jordanm708
20:04 Feudal Age
20:57 Gold Mining
20:55 Double-Bit Axe
21:16 Stone Mining
22:18 Wheelbarrow
23:07 Scale Barding Armor
23:13 Forging
25:49 Castle Age
24:53 Padded Archer Armor
24:44 Fletching
27:28 Husbandry
27:53 Chain Barding Armor
28:09 Iron Casting
27:52 Hand Cart
28:20 Gold Shaft Mining
28:00 Bow Saw
30:31 Murder Holes
37:10 Imperial Age
37:30 Cavalier
39:57 Paladin
51:37 Plate Barding Armor
52:03 Blast Furnace
ruben92_7
16:32 Feudal Age
21:48 Wheelbarrow
26:33 Castle Age
28:00 Hand Cart
46:01 Imperial Age
46:29 Elite Ballista Elephant
52:19 Double Crossbow
eduardolucifer30
0:32 Loom
11:10 Feudal Age
16:51 Horse Collar
20:33 Double-Bit Axe
23:09 Wheelbarrow
Dr_foul
13:40 Feudal Age
14:43 Double-Bit Axe
14:50 Gold Mining
15:36 Horse Collar
24:38 Castle Age
23:53 Stone Mining
24:21 Scale Barding Armor
25:55 Squires
25:17 Pikeman
26:24 Caravan
30:01 Heavy Plow
30:14 Bow Saw
30:40 Gold Shaft Mining
32:06 Wheelbarrow
31:56 Fletching
34:09 Hand Cart
34:15 Bodkin Arrow
36:52 Town Watch
37:37 Chain Barding Armor
37:28 Forging
37:52 Town Patrol
38:57 Iron Casting
42:57 Imperial Age
41:33 Marauders
43:33 Husbandry
44:11 Conscription
43:17 Halberdier
43:25 Capped Ram
46:01 Blast Furnace
45:39 Plate Barding Armor
45:18 Bloodlines
45:22 Elite Tarkan
49:35 Bracer
Licenciado Álvaro
21:37 Feudal Age
23:23 Gold Mining
23:23 Stone Mining
23:20 Horse Collar
23:30 Double-Bit Axe
23:20 Man-at-Arms
24:47 Wheelbarrow
26:40 Castle Age
27:02 Forging
26:45 Fletching
28:28 Crossbowman
29:42 Bow Saw
34:27 Murder Holes
34:43 Fortified Wall
35:44 Hand Cart
39:00 Heavy Plow
42:20 Gold Shaft Mining
44:37 Imperial Age
43:44 Iron Casting
43:10 Scale Mail Armor
43:16 Scale Barding Armor
43:11 Padded Archer Armor
43:07 Bodkin Arrow
42:59 Long Swordsman
43:00 Pikeman
45:17 Ballistics
45:15 Guard Tower
45:59 Cavalier
47:37 Halberdier
47:38 Two-Handed Swordsman
51:41 Hoardings
53:09 Hoardings
52:36 Elite Longbowman
58:09 Blast Furnace
57:25 Chain Mail Armor
57:31 Chain Barding Armor
57:26 Leather Archer Armor
57:12 Bracer
LicenciadoXavi
1:31 Loom
17:07 Feudal Age
18:02 Horse Collar
20:16 Wheelbarrow
30:44 Castle Age
30:14 Forging
29:54 Fletching
30:05 Padded Archer Armor
30:05 Scale Mail Armor
30:11 Scale Barding Armor
37:22 Imperial Age
36:43 Hand Cart
37:48 Elite Konnik
39:13 Onager
44:50 Iron Casting
44:31 Leather Archer Armor
44:31 Chain Mail Armor
50:10 Pikeman
51:16 Pikeman
53:54 Halberdier
55:02 Stirrups
kaifanestro
9:34 Loom
14:06 Feudal Age
15:34 Wheelbarrow
15:51 Double-Bit Axe
20:32 Gold Mining
25:10 Castle Age
23:08 Stone Mining
24:55 Fletching
28:01 Bow Saw
30:23 Gold Shaft Mining
37:13 Imperial Age
36:24 Hand Cart
39:59 Cavalier
40:39 Husbandry
41:10 Paladin
Connection lost

Rejoining the realm…

Still unreachable

The connection could not be restored.

Session expired

The server has moved on; the page needs a fresh start.